 Dungeon Crawl Stone Soup version 0.31-a0-699-g830162fb6c (webtiles) character file.

Game seed: 14550078200532957117

704 qw the Skirmisher (level 7, -9/44 HPs)
             Began as a Gargoyle Hunter on Sept 7, 2023.
             Mangled by Pikel
             ... wielding a +2 whip of freezing
              (12 damage)
             ... on level 4 of the Dungeon.
             The game lasted 00:01:01 (2264 turns).

qw the Skirmisher (Gargoyle Hunter)                 Turns: 2264, Time: 00:01:01

Health: -9/44      AC: 12    Str: 14    XL:     7   Next: 66%
Magic:  7/7        EV: 11    Int: 10    God:
Gold:   180        SH:  0    Dex: 15    Spells: 6/6 levels left

rFire   . . .        a - +6 shortbow (heavy)
rCold   . . .        (shield currently unavailable)
rNeg    + . .        k - +0 ring mail
rPois   inf          (no helmet)
rElec   +            h - +0 cloak
rCorr   .            (no gloves)
SInv    .            l - +0 pair of boots
Will    .....        (no amulet)
Stlth   +            (no ring)
HPRegen 0.27/turn    (no ring)
MPRegen 0.10/turn

%: no passive effects
@: no status effects
A: sickness immunity, AC +4, negative energy resistance 1, electricity
resistance, torment resistance 1, petrification resistance
a: no special abilities


You were on level 4 of the Dungeon.
You visited 1 branch of the dungeon, and saw 4 of its levels.

You collected 180 gold pieces.


Innate Abilities, Weirdness & Mutations

You are immune to sickness and miasma.
Your stone body is resilient. (AC +4)
You are immune to poison.
You resist negative energy. (rN+)
You are resistant to electric shocks. (rElec)
You are resistant to unholy torment.
You are immune to petrification.


   Skills:
 + Level 4.6 Fighting
 - Level 8.0 Ranged Weapons
 - Level 2.1 Armour
 - Level 1.5 Dodging
 - Level 1.1 Stealth


You had 6 spell levels left.
You didn't know any spells.
Your spell library was empty.

Inventory:

Hand Weapons
 a - a +6 heavy shortbow (weapon)
Armour
 h - a +0 cloak (worn)
 k - a +0 ring mail (worn)
 l - a +0 pair of boots (worn)
Scrolls
 c - a scroll of immolation {unknown}
 i - a scroll of identify
Potions
 b - a potion of invisibility {unknown}
 d - a potion of enlightenment {unknown}
 e - a potion of might {unknown}
 f - a potion of heal wounds
 g - a potion of curing {unknown}
 j - a potion of ambrosia {unknown}

Dungeon Overview and Level Annotations

Branches:
Dungeon (4/15)
 Temple: D:4-7

Altars:

Shops:
D:2 [

Annotations:
D:4 Pikel


Message History

You shoot an arrow. The arrow closely misses Pikel.
The arrow hits the lemure!
The lemure is heavily wounded.
Pikel hits you with a +2 whip of freezing.
Pikel freezes you.
Pikel hits you with a +2 whip of freezing.
Pikel freezes you.
You shoot an arrow. The arrow hits Pikel.
Pikel is moderately wounded.
Pikel hits you with a +2 whip of freezing!
Pikel freezes you.
You shoot an arrow. The arrow hits Pikel!
Pikel is heavily wounded.
Pikel closely misses you. Pikel hits you but does no damage.
You shoot an arrow. The arrow closely misses Pikel.
The arrow hits the lemure but does no damage.
The lemure is heavily wounded.
Pikel hits you with a +2 whip of freezing.
Pikel freezes you.
You shoot an arrow. The arrow hits Pikel.
Pikel is heavily wounded.
Pikel hits you with a +2 whip of freezing.
Pikel freezes you. Pikel hits you but does no damage.
You shoot an arrow. The arrow closely misses Pikel.
The arrow hits the lemure!
You kill the lemure!
That felt strangely unrewarding.
Pikel hits you but does no damage. x2
You shoot an arrow. The arrow hits Pikel!
Pikel is almost dead.
Pikel hits you with a +2 whip of freezing.
Pikel freezes you.
You shoot an arrow. The arrow closely misses Pikel.
The arrow hits the lemure!
The lemure is severely wounded.
Pikel hits you but does no damage. x2
You shoot an arrow. The arrow closely misses Pikel.
The arrow hits the lemure.
The lemure is severely wounded.
Pikel hits you with a +2 whip of freezing!
Pikel freezes you.
Pikel hits you with a +2 whip of freezing!
You die...
Pikel says, "See you in Hell!"

..##....###.....####.#
..#....#.#.#.#.....#%#
.........#.....###...##
..%........##### ##...##
###.................#..#
....##################.#
....# ##...# ###..
#######..### ##.
#55K@...## .. #.5#######
## ... .


You could see Pikel and 3 lemures.

Vanquished Creatures
  Grinder (D:4)
  A wyvern (D:4)
  A centaur (D:4)
  A lemure (D:4)
  A gnoll sergeant (D:4)
  An orc priest (D:3)
  An orc wizard (D:3)
  Ijyb (D:4)
  5 adders
  An ufetubus (D:4)
  A worm (D:3)
  3 dart slugs
  2 orcs
  9 ball pythons
  11 endoplasms
  2 giant cockroaches (D:4)
  4 goblins
  5 hobgoblins
  11 jackals
  A quokka (D:4)
  5 bats
  11 kobolds
  6 rats
85 creatures vanquished.

Notes
Turn   | Place    | Note
-------+----------+-------------------------------------------
     0 | D:1      | qw the Gargoyle Hunter began the quest for the Orb.
     0 | D:1      | Reached XP level 1. HP: 12/12 MP: 1/1
     0 | D:1      | 0 ||| qw: Version: 0.3-a-76-g4403597
     0 | D:1      | 0 ||| qw: Game counter: 403
     0 | D:1      | 0 ||| qw: Melee chars always use a shield: true
     0 | D:1      | 0 ||| qw: God list: Okawaru
     0 | D:1      | 0 ||| qw: Allow faded altars: false
     0 | D:1      | 0 ||| qw: Do Orc after clearing Dungeon:15 true
     0 | D:1      | 0 ||| qw: Do second Lair branch before Depths: true
     0 | D:1      | 0 ||| qw: Lair rune preference: random
     0 | D:1      | 0 ||| qw: Goals: Normal
     0 | D:1      | 0 ||| PLANNING D:1-11
   118 | D:1      | Reached XP level 2. HP: 17/17 MP: 2/2
   463 | D:1      | Reached XP level 3. HP: 16/21 MP: 3/3
   503 | D:1      | 503 ||| UPGRADING to +0 cloak.
   508 | D:1      | 508 ||| READING scroll labelled ZEDWUM ELEUSHRI.
   509 | D:1      | 509 ||| READING scroll labelled SUOCLADWECHA.
   510 | D:1      | 510 ||| DROPPING scroll of butterflies.
   563 | D:2      | Found Uhosoklo's Antique Armour Shop.
   568 | D:2      | 568 ||| SHOPLISTING faintly humming robe (142 gold, have
                  | 60).
   568 | D:2      | 568 ||| SHOPLISTING glowing leather armour (125 gold, have
                  | 60).
   568 | D:2      | 568 ||| SHOPLISTING helmet (112 gold, have 60).
   568 | D:2      | 568 ||| SHOPLISTING pair of embroidered gloves (187 gold,
                  | have 60).
   568 | D:2      | 568 ||| SHOPLISTING transparent leather armour (175 gold,
                  | have 60).
   607 | D:2      | Reached skill level 5 in Ranged Weapons
  1034 | D:2      | 1034 ||| READING scroll labelled PAV VIM GOERAASO.
  1035 | D:2      | 1035 ||| DRINKING 3 inky potions.
  1049 | D:3      | Found a faded altar of an unknown god.
  1050 | D:3      | 1050 ||| RETREATING.
  1051 | D:3      | 1051 ||| Stepping ~*~*~tactically~*~*~ (retreating).
  1052 | D:3      | 1052 ||| Stepping ~*~*~tactically~*~*~ (retreating).
  1053 | D:3      | 1053 ||| Stepping ~*~*~tactically~*~*~ (retreating).
  1054 | D:3      | 1054 ||| Stepping ~*~*~tactically~*~*~ (retreating).
  1055 | D:3      | 1055 ||| Stepping ~*~*~tactically~*~*~ (retreating).
  1056 | D:3      | 1056 ||| Stepping ~*~*~tactically~*~*~ (retreating).
  1057 | D:3      | HP: 2/22 [orc priest/divine providence (14)]
  1058 | D:3      | 1058 ||| DRINKING 2 potions of heal wounds.
  1064 | D:3      | Reached skill level 3 in Fighting
  1064 | D:3      | Reached XP level 4. HP: 16/28 MP: 4/4
  1373 | D:3      | Reached XP level 5. HP: 32/32 MP: 5/5
  1853 | D:3      | 1853 ||| UPGRADING to +0 ring mail.
  1863 | D:3      | 1863 ||| DROPPING +0 leather armour.
  1864 | D:3      | 1864 ||| UPGRADING to +0 pair of boots.
  1869 | D:3      | 1869 ||| DROPPING amulet of magic regeneration.
  1870 | D:3      | 1870 ||| READING scroll labelled UCINKI ONLA.
  1871 | D:3      | 1871 ||| READING scroll labelled GIG FOARHETWOJ.
  1872 | D:3      | 1872 ||| READING scroll labelled UNLAAJ XEIXOHA.
  1872 | D:3      | Identified a scroll of acquirement
  1872 | D:3      | 1872 ||| ACQUIRING +6 heavy shortbow
  1872 | D:3      | Acquired a +6 heavy shortbow
  1874 | D:3      | 1874 ||| SWAPPING to +6 heavy shortbow.
  1875 | D:3      | 1875 ||| DROPPING +0 shortbow of electrocution.
  1929 | D:4      | Noticed Grinder
  1934 | D:4      | Reached skill level 1 in Armour
  1935 | D:4      | Paralysed by Grinder for 3 turns
  1939 | D:4      | Killed Grinder
  1940 | D:4      | Reached skill level 7 in Ranged Weapons
  1940 | D:4      | Reached XP level 6. HP: 37/37 MP: 6/6
  1944 | D:4      | Reached XP level 7. HP: 25/44 MP: 7/7
  2056 | D:4      | 2056 ||| Stepping ~*~*~tactically~*~*~ (outnumbered).
  2058 | D:4      | 2058 ||| Stepping ~*~*~tactically~*~*~ (outnumbered).
  2096 | D:4      | Noticed a wyvern
  2104 | D:4      | Killed a wyvern
  2131 | D:4      | 2131 ||| Stepping ~*~*~tactically~*~*~ (outnumbered).
  2180 | D:4      | Reached skill level 8 in Ranged Weapons
  2220 | D:4      | Noticed Ijyb
  2227 | D:4      | Killed Ijyb
  2253 | D:4      | Noticed Pikel
  2264 | D:4      | HP: 6/44 [Pikel/+2 whip of freezing (9)]
  2264 | D:4      | Mangled by Pikel

Levels and vault maps discovered:
D:1:      heliophobic_arrival_henge, layout_rooms
D:2:      layout_loops_ring, serial_shops, nicolae_shop_dealshenge
D:3:      layout_basic, shapermc_ecumenical_altar_starsandcircs, st_stairs_2
D:4:      layout_rooms, ebering_ghost_disaster_area, minmay_misc_feat_room,
          minmay_manual_monstrance, uniq_pikel, uniq_duvessa, uniq_ijyb,
          uniq_grinder

Skill      XL: |  1  2  3  4  5  6  7 |
---------------+----------------------+-----
Ranged Weapons | 5 7 8 |  8.0
Fighting       | 3 4 |  4.6
Armour         | 1 2 |  2.1
Dodging        | |  1.5
Stealth        | |  1.1

Action                     |  1- 3 |  4- 6 |  7- 9 || total
---------------------------+-------+-------+-------++-------
   Fire: Shortbow          |   102 |    74 |    45 ||   221
    Use: Scroll            |     3 |     3 |       ||     6
         Potion            |     2 |       |       ||     2
 Armour: Leather armour    |    35 |    25 |       ||    60
         Ring mail         |       |    11 |    25 ||    36
  Dodge: Dodged            |    35 |    12 |    15 ||    62

Table legend:
 A = Non-vault XP
 B = Vault XP
 C = Vault XP percentage of total XP
 D = Non-vault monster count
 E = Vault monster count
 F = Vault count percentage of total count
                 A         B        C        D         E       F
            +---------+---------+-------+---------+---------+-------
      Total |     372 |     634 |  63.0 |      72 |      12 |  14.3
            +---------+---------+-------+---------+---------+-------
        D:1 |      35 |       0 |   0.0 |      23 |       0 |   0.0
        D:2 |      19 |       0 |   0.0 |      11 |       0 |   0.0
        D:3 |     156 |       8 |   4.9 |      25 |       3 |  10.7
        D:4 |     162 |     626 |  79.4 |      13 |       9 |  40.9
            +---------+---------+-------+---------+---------+-------
